 Dungeon Crawl Stone Soup version 0.23.1 (webtiles) character file.

Game seed: 17540687920719448257

26 Borgoz the Sneak (level 3, -2/27 HPs)
             Began as a Ghoul Enchanter on Mar 7, 2019.
             Slain by a hobgoblin
             ... wielding a +0 club
              (3 damage)
             ... on level 2 of the Dungeon.
             The game lasted 00:02:47 (1647 turns).

Borgoz the Sneak (Ghoul Enchanter)                  Turns: 1647, Time: 00:02:49

Health: -2/27      AC:  2    Str: 11    XL:     3   Next: 8%
Magic:  0/5        EV: 12    Int: 10    God:
Gold:   58         SH:  0    Dex: 10    Spells: 3/6 levels left

rFire    . . .     SeeInvis .   j - +0 rapier
rCold    + . .     Gourm    .   (no shield)
rNeg     + + +     Faith    .   b - +0 robe
rPois    ∞         Spirit   .   (no helmet)
rElec    .         Reflect  .   (no cloak)
rCorr    .         Harm     .   (no gloves)
MR       .....                  (no boots)
Stlth    ++........             (no amulet)
HPRegen  0.00/turn              (no ring)
MPRegen  0.09/turn              (no ring)

@: flying, very slightly contaminated, rotting
A: rotting body, claws 1, carnivore, cold resistance 1, negative energy
resistance 3, inhibited regeneration, torment resistance, unbreathing
a: no special abilities


You were on level 2 of the Dungeon.
You were not hungry.

You visited 1 branch of the dungeon, and saw 2 of its levels.

You collected 58 gold pieces.

Inventory:

Hand Weapons
 j - a +0 rapier (weapon)
Armour
 b - a +0 robe (worn)
Scrolls
 a - a scroll of remove curse
 g - a scroll of enchant weapon
 h - 2 scrolls of identify
 i - a scroll of fear {unknown}
Potions
 c - a potion of curing
 f - a potion of flight
Comestibles
 d - 5 rations


   Skills:
 + Level 0.7 Fighting
 * Level 1.3 Short Blades
 * Level 0.9 Armour
 + Level 1.9 Dodging
 + Level 3.4 Stealth
 + Level 2.0 Spellcasting
 + Level 2.5 Hexes


You had 3 spell levels left.
You knew the following spells:

 Your Spells              Type           Power        Failure   Level  Hunger
a - Corona                Hex            #......      11%         1    ##.....
b - Ensorcelled Hibernat  Hex/Ice        #.....       28%         2    ###....

Your spell library contained the following spells:

 Spells                   Type           Power        Failure   Level  Hunger
 Confuse                  Hex            #.......     32%         3    ####...
 Tukima's Dance           Hex            #.......     32%         3    ####...
 Dazzling Spray           Conj/Hex       #.....       50%         3    ####...


Dungeon Overview and Level Annotations

Branches:
Dungeon (2/15)

Altars:


Innate Abilities, Weirdness & Mutations

Your body is rotting away.
You thrive on raw meat.
You are immune to poison.
You have sharp fingernails.
You are carnivorous and can eat meat at any time.
Your flesh is cold resistant. (rC+)
You are immune to negative energy. (rN+++)
You do not regenerate when monsters are visible.
You are immune to unholy pain and torment.
You can survive without breathing.


Message History

Aim: a hobgoblin, wielding a +0 club (chance to defeat MR: 52%)
The hobgoblin resists with significant effort.
The hobgoblin hits you but does no damage.
Casting: Ensorcelled Hibernation (safe; 28% risk of failure)
Confirm with . or Enter, or press ? or * to list all spells.
Aiming: Ensorcelled Hibernation (safe; 28% risk of failure)
Press: ? - help, Shift-Dir - straight line, f/p - hobgoblin
Aim: a hobgoblin, wielding a +0 club (chance to defeat MR: 52%)
You miscast Ensorcelled Hibernation.
You are very lightly contaminated with residual magic.
Nothing appears to happen.
You hit the hobgoblin but do no damage. The hobgoblin closely misses you.
You barely miss the hobgoblin. The hobgoblin closely misses you.
You hit the hobgoblin.
The hobgoblin is severely wounded.
The hobgoblin misses you.
You hit the hobgoblin but do no damage.
The hobgoblin is heavily wounded.
The hobgoblin closely misses you. The hobgoblin hits you with a +0 club.
You die...

#r.#.......# #a##......... #
##.##......... ##.
##..##........ #..
###..###......# #.# ##...##
#......# #.###..###
#......############ #(.....#
#......##<÷...(....
#......######.@......##########
###.............g.....##
#........###........###
..######## #........# .#
########........# <
........[.......###
########..........#
#........### #........#


You could see a hobgoblin.

Vanquished Creatures
  An ooze (D:2)
  2 leopard geckos
  3 bats
  A giant cockroach (D:1)
  3 goblins
  A hobgoblin (D:2)
  3 jackals
  A frilled lizard (D:1)
  A kobold (D:1)
  2 rats
18 creatures vanquished.

Notes
Turn   | Place    | Note
-------+----------+-------------------------------------------
     0 | D:1      | Borgoz the Ghoul Enchanter began the quest for the Orb.
     0 | D:1      | Reached XP level 1. HP: 14/14 MP: 2/2
    30 | D:1      | Reached skill level 1 in Short Blades
   315 | D:1      | Reached XP level 2. HP: 16/20 MP: 3/3
  1299 | D:2      | Learned a level 2 spell: Ensorcelled Hibernation
  1615 | D:2      | Reached XP level 3. HP: 21/27 MP: 4/4
  1640 | D:2      | HP: 1/27 [hobgoblin/+0 club (1)]
  1647 | D:2      | Slain by a hobgoblin

Skill      XL: |  1  2  3 |
---------------+----------+-----
Short Blades   | 1 |  1.3
Spellcasting   | 2 |  2.0
Fighting       | |  0.7
Armour         | |  0.9
Dodging        | |  1.9
Stealth        | |  3.4
Hexes          | |  2.5

Action                   || total
-------------------------++-------
Melee: Dagger            ||    30
       Short sword       ||    29
       Rapier            ||    35
 Cast: Ensorcelled Hiber ||     2
  Use: Scroll            ||     5
       Potion            ||     1
 Stab: Sleeping          ||     2
  Eat: Chunk             ||     5
Armor: Robe              ||    34
Dodge: Dodged            ||    65
